AoeStats
← mihneabuia

Arena

510151009Analyzed
1v1 RM · 2d ago on Sep 29, 2026· 26m 50s· 2 players
Game mode
Random Map
Map size
Tiny (2 player)
Population
200
Speed
Normal
Resources
Standard
Victory
Conquest
Starting age
Dark Age
Ending age
Imperial Age
RankedLock teamsTeams togetherTeam positionsShared explorationLock speedFull tech treeHidden civsTurbo modeCheats
Victory
Defeat
🇷🇴 Franks · Romania
246
+20
🇨🇱 Britons · Chile
338
-20
mihneabuia
15:45 Feudal Age
16:40 Double-Bit Axe
17:21 Gold Mining
24:49 Castle Age
23:34 Stone Mining
25:55 Bow Saw
26:24 Gold Shaft Mining
claro.fsanchez
12:59 Feudal Age
13:31 Double-Bit Axe
13:28 Horse Collar
13:40 Gold Mining
17:10 Stone Mining
24:51 Castle Age
23:14 Padded Archer Armor
23:05 Fletching
23:20 Scale Mail Armor
24:10 Forging
27:00 Wheelbarrow
26:41 Bow Saw
Connection lost

Rejoining the realm…

Still unreachable

The connection could not be restored.

Session expired

The server has moved on; the page needs a fresh start.